 Dungeon Crawl Stone Soup version 0.27.0-1-g7a089689b8 (webtiles) character file.

Game seed: 14295870119877889801

8899 Acheron the Grappler (level 11, -5/98 HPs)
             Began as a Troll Venom Mage on Aug 5, 2021.
             Was a High Priest of the Shining One.
             Slain by a cane toad (22 damage)
             ... on level 1 of the Lair of Beasts.
             The game lasted 00:46:23 (8194 turns).

Acheron the Grappler (Troll Venom Mage)             Turns: 8194, Time: 00:46:23

Health: -5/98      AC:  8    Str: 22    XL:     11   Next: 16%
Magic:  11/13      EV: 11    Int: 11    God:    the Shining One [*****.]
Gold:   303        SH:  7    Dex: 11    Spells: 6/14 levels left

rFire    . . .     SeeInvis .     - Unarmed
rCold    . . .     Faith    .   (no shield)
rNeg     + + +     Spirit   .   a - +0 robe
rPois    +         Reflect  .   (helmet restricted)
rElec    .         Harm     .   (no cloak)
rCorr    +         Rampage  .   (gloves unavailable)
Will     .....                  (boots unavailable)
Stlth    +.........             (no amulet)
HPRegen  1.26/turn              s - ring "Yhosynie" {rPois rN+ AC+4 Str+4 Dex-2}
MPRegen  0.13/turn              A - ring of resist corrosion

@: divinely shielded, glowing
A: large, unfitting armour, claws 3, regeneration 1, shaggy fur 1, tough skin 1
a: Renounce Religion, Divine Shield, Cleansing Flame, Summon Divine Warrior


You were on level 1 of the Lair of Beasts.
You worshipped the Shining One.
The Shining One was extremely pleased with you.
You visited 3 branches of the dungeon, and saw 12 of its levels.
You also visited: Ossuary.

You collected 459 gold pieces.
You spent 156 gold pieces at shops.

Inventory:

Hand Weapons
 r - a +2 mace of freezing
 y - a +1 war axe of protection
 C - a +3 trident
Missiles
 d - 280 stones
 t - 41 poisoned darts
 z - 2 throwing nets
 F - 5 javelins (quivered)
Armour
 a - a +0 robe (worn)
 E - a scarf of harm
Jewellery
 e - a ring of ice
 s - the ring "Yhosynie" (left claw) {rPois rN+ AC+4 Str+4 Dex-2}
   (You found it on level 7 of the Dungeon)

   [ring of protection]

   AC:        It affects your AC (+4).
   Str:       It affects your strength (+4).
   Dex:       It affects your dexterity (-2).
   rPois:     It protects you from poison.
   rN:        It protects you from negative energy.
 u - a ring of wizardry
 w - the amulet of Heon {RegenMP *Slow Str+4 Dex+3}
   (You found it on level 8 of the Dungeon)

   [amulet of magic regeneration]

   It increases your rate of magic regeneration.
   Str:       It affects your strength (+4).
   Dex:       It affects your dexterity (+3).
   *Slow:     It may slow you when you take damage.
 A - a ring of resist corrosion (right claw)
Wands
 l - a wand of flame (12)
 B - a wand of iceblast (7)
 D - a wand of polymorph (6)
Scrolls
 b - 11 scrolls of teleportation
 f - 2 scrolls of blinking
 k - 2 scrolls of magic mapping
 n - 2 scrolls of fear
 x - a scroll of amnesia
Potions
 c - 2 potions of heal wounds
 g - a potion of flight
 h - a potion of degeneration {unknown}
 i - a potion of curing
 j - a potion of mutation {unknown}
 m - a potion of magic
 o - a potion of might
 p - 2 potions of brilliance
 q - a potion of lignification {unknown}
 v - a potion of ambrosia


   Skills:
 * Level 3.8 Fighting
 * Level 3.0 Throwing
 * Level 4.9 Dodging
 * Level 3.2 Stealth
 * Level 1.5 Shields
 * Level 11.1 Unarmed Combat
 * Level 2.2 Spellcasting
 + Level 3.0 Transmutations
 * Level 3.9 Poison Magic
 * Level 3.4 Invocations
 * Level 2.9 Evocations


You had 6 spell levels left.
You knew the following spells:

 Your Spells              Type           Power      Damage    Failure   Level
a - Sting                 Tmut/Pois      32%        1d4       7%          1
b - Olgreb's Toxic Radia  Pois           9%         N/A       50%         4
c - Teleport Other        Tloc           1%         N/A       65%         3

Your spell library contained the following spells:

 Spells                   Type           Power      Damage    Failure   Level
 Poisonous Vapours        Pois/Air       10%        N/A       19%         2
 Magic Dart               Conj           4%         1d3       28%         1
 Shock                    Conj/Air       4%         1d3       28%         1
 Searing Ray              Conj           2%         3d3       41%         2
 Mephitic Cloud           Conj/Pois/Air  4%         N/A       45%         3
 Gell's Gravitas          Tloc           0%         N/A       65%         3
 Lesser Beckoning         Tloc           0%         N/A       65%         3
 Swiftness                Air            1%         N/A       65%         3
 Airstrike                Air            0%         N/A       96%         4
 Fulminant Prism          Conj/Hex       0%         3d6       96%         4


Dungeon Overview and Level Annotations

Branches:
Dungeon (10/15)            Temple (1/1) D:7            Lair (1/6) D:9
Ossuary (visited)
    Orc: D:9-12

Altars:
Ashenzari
Gozag
Kikubaaqudgha
Nemelex Xobeh
Okawaru
Qazlal
Ru
Trog
Xom
Yredelemnul
Zin
The Shining One

Shops:
D:7 ?

Annotations:
D:3 Ijyb
D:6 3 runed translucent doors, 2 transporters, nakriel's ghost, amateur PaGl
D:7 exclusion: downstairs
D:9 exclusion: 2 downstairs


Innate Abilities, Weirdness & Mutations

You are too large for most types of armour.
You have claws for hands.
Your natural rate of healing is unusually fast.
You are covered in fur. (AC +1)
You have tough skin. (AC +1)


Message History

The black mamba bites you but does no damage.
The black mamba bites you!
You are poisoned.
The black mamba poisons you!
You scratch the black mamba. Your claw misses the black mamba.
The black mamba is lightly wounded.
You feel very sick. The black mamba bites you!
You block the black mamba's attack.
You scratch the black mamba.
The black mamba is lightly wounded.
You feel very sick. The black mamba bites you!
You claw the black mamba!
The black mamba is heavily wounded.
You feel very sick. The black mamba bites you. x2
You claw the black mamba!
The black mamba is almost dead.
You feel sick. The black mamba closely misses you.
You claw the black mamba!
You kill the black mamba!
You feel sick.
You scratch the cane toad.
The cane toad is lightly wounded.
You feel sick. The cane toad stings you!
You barely miss the cane toad.
The cane toad is lightly wounded.
You feel sick. The cane toad barely misses you.
You claw the cane toad!
The cane toad is moderately wounded.
You feel sick. The cane toad stings you!!
* * * LOW HITPOINT WARNING * * *
You claw the cane toad!
The cane toad is severely wounded.
You feel sick. You block the cane toad's attack.
You feel better. The cane toad closely misses you.
You scratch the cane toad but do no damage.
The cane toad is severely wounded.
The cane toad stings you!!
You die...

#..#....# .# #>.#....#
.# #.......# .#
#..#....# .# #..+.....
.######## #..#.... .
.##.#.#.####...###+#....
..............=F@.......
...........♣♣###########
...††....♣♣♣ ...<.....♣
.........♣ ........♣♣
........♣ ........♣♣♣
###.###...♣


You could see a cane toad.

Vanquished Creatures
  A two-headed ogre (D:9)
  Pikel (D:7)
  2 black mambas (Lair:1)
  2 komodo dragons (D:9)
  Prince Ribbit (D:5)
  A hornet (D:9)
  2 blink frogs (Lair:1)
  6 yaks (D:9)
  2 wyverns (D:9)
  A basilisk (D:9)
  Grum (D:9)
  Menkaure (D:6)
  An acid dragon (D:9)
  A water moccasin (D:8)
  2 ice beasts
  4 orc warriors
  A black bear (D:6)
  2 sky beasts (D:7)
  A necrophage (D:4)
  An ogre (D:7)
  3 centaurs
  3 wolves (D:9)
  A phantom (D:4)
  A lemure (D:7)
  3 kobold brigands
  2 bullfrogs (D:7)
  2 scorpions
  7 water moccasin zombies
  A water moccasin skeleton (D:5)
  6 killer bees (D:9)
  4 wights
  4 howler monkeys (D:10)
  An electric eel (D:10)
  A bullfrog zombie (D:7)
  3 jellies
  2 hounds
  3 orc priests
  5 centaur zombies
  A bullfrog skeleton (D:4)
  2 centaur skeletons
  A gnoll shaman (D:7)
  An iguana (D:5)
  5 orc wizards
  A killer bee zombie (D:4)
  A hound zombie (D:5)
  A hound skeleton (D:4)
  2 mummies (Ossuary)
  8 gnolls
  A howler monkey skeleton (D:7)
  6 adders
  2 shadow imps
  A white imp (D:5)
  An ufetubus (D:6)
  8 adder zombies
  2 worms
  2 dart slugs
  27 orcs
  5 ball pythons
  11 endoplasms
  5 giant cockroaches
  2 gnoll zombies (Ossuary)
  4 goblins
  6 hobgoblins
  4 jackals
  20 kobolds
  5 quokkas
  4 bats
  7 frilled lizards
  5 hobgoblin zombies (Ossuary)
  3 kobold zombies
  5 orc zombies (Ossuary)
  8 rats
253 creatures vanquished.

Vanquished Creatures (others)
  2 fungi (Lair:1)
2 creatures vanquished.

Grand Total: 255 creatures vanquished

Notes
Turn   | Place    | Note
-------+----------+-------------------------------------------
     0 | D:1      | Acheron the Troll Venom Mage began the quest for the Orb.
     0 | D:1      | Reached XP level 1. HP: 16/16 MP: 1/1
   139 | D:1      | Reached XP level 2. HP: 24/24 MP: 2/2
   161 | D:1      | Found a faded altar of an unknown god.
   172 | D:1      | Became a worshipper of the Shining One
   172 | D:1      | Reached * piety under the Shining One
   342 | D:1      | Reached skill level 1 in Transmutations
   491 | D:1      | Reached skill level 1 in Unarmed Combat
   496 | D:1      | Reached XP level 3. HP: 31/31 MP: 3/3
  1353 | D:2      | Reached ** piety under the Shining One
  1427 | D:3      | Reached XP level 4. HP: 30/39 MP: 4/4
  1453 | D:3      | Reached skill level 2 in Unarmed Combat
  1587 | D:3      | Reached XP level 5. HP: 46/46 MP: 5/5
  1597 | D:3      | Found a broken altar of Ashenzari.
  1608 | D:3      | Noticed Ijyb
  1647 | D:4      | Reached skill level 3 in Unarmed Combat
  1662 | D:4      | Reached skill level 1 in Fighting
  1781 | D:4      | Noticed a phantom
  1819 | D:4      | Killed a phantom
  1820 | D:4      | Reached skill level 4 in Unarmed Combat
  1820 | D:4      | Reached XP level 6. HP: 38/55 MP: 6/6
  2640 | D:5      | Entered Level 5 of the Dungeon
  2678 | D:5      | Noticed an ice beast
  2684 | D:5      | Reached XP level 7. HP: 46/62 MP: 7/7
  2688 | D:5      | Reached skill level 5 in Unarmed Combat
  2738 | D:5      | Reached *** piety under the Shining One
  2793 | D:5      | Found a sand-covered staircase.
  2806 | Ossuary  | Entered an ossuary
  2851 | Ossuary  | Reached **** piety under the Shining One
  2885 | Ossuary  | Reached skill level 6 in Unarmed Combat
  2913 | Ossuary  | Reached XP level 8. HP: 61/72 MP: 8/8
  2940 | Ossuary  | Reached ***** piety under the Shining One
  3078 | D:6      | Noticed nakriel's ghost (amateur PaGl)
  3081 | D:6      | Noticed a green ugly thing
  3110 | D:6      | Found a runed translucent gate.
  3113 | D:6      | Found a runed translucent gate.
  3113 | D:6      | Found a runed translucent gate.
  3436 | D:6      | Reached skill level 1 in Evocations
  3519 | D:8      | Reached skill level 7 in Unarmed Combat
  3538 | D:7      | Reached skill level 1 in Invocations
  3831 | D:7      | Noticed Pikel
  3863 | D:7      | Killed Pikel
  3863 | D:7      | HP: 3/74 [kobold brigand (3)]
  3864 | D:7      | Reached skill level 1 in Throwing
  3864 | D:7      | Reached skill level 8 in Unarmed Combat
  3864 | D:7      | Reached XP level 9. HP: 3/80 MP: 9/9
  4086 | D:7      | Found a shimmering altar of Xom.
  4087 | D:7      | Found a sacrificial altar of Ru.
  4102 | D:7      | Learned a level 4 spell: Olgreb's Toxic Radiance
  4105 | D:6      | Noticed Menkaure
  4107 | D:6      | Killed Menkaure
  4282 | D:6      | Found a transporter.
  4296 | D:6      | Found a transporter.
  4628 | D:6      | Noticed a kobold demonologist
  4629 | D:6      | Noticed a kobold demonologist
  5034 | D:5      | Noticed Prince Ribbit
  5048 | D:5      | Killed Prince Ribbit
  5627 | D:7      | Reached skill level 9 in Unarmed Combat
  5676 | D:7      | Found Lejaifre's Magic Scroll Shoppe.
  5746 | D:7      | Bought a scroll of fear for 42 gold pieces
  5746 | D:7      | Bought a scroll of teleportation for 36 gold pieces
  5746 | D:7      | Bought a scroll of teleportation for 36 gold pieces
  5746 | D:7      | Bought a scroll of fear for 42 gold pieces
  5810 | D:7      | Found a staircase to the Ecumenical Temple.
  5817 | Temple   | Entered the Ecumenical Temple
  5975 | D:7      | Identified the ring "Yhosynie" {rPois rN+ AC+4 Str+4 Dex-2}
  6192 | D:7      | Learned a level 3 spell: Teleport Other
  6255 | D:8      | Identified the amulet of Heon {RegenMP *Slow Str+4 Dex+3}
  6431 | D:8      | Reached XP level 10. HP: 86/91 MP: 11/11
  6576 | D:9      | Noticed a two-headed ogre
  6581 | D:9      | Killed a two-headed ogre
  6677 | D:9      | Reached skill level 10 in Unarmed Combat
  6976 | D:9      | Noticed Grum
  7003 | D:9      | Killed Grum
  7316 | D:9      | Reached skill level 1 in Shields
  7464 | D:10     | Entered Level 10 of the Dungeon
  8036 | D:9      | Reached XP level 11. HP: 58/98 MP: 10/13
  8046 | D:9      | Found a staircase to the Lair.
  8078 | Lair:1   | Entered Level 1 of the Lair of Beasts
  8085 | Lair:1   | Reached skill level 11 in Unarmed Combat
  8194 | Lair:1   | Slain by a cane toad

Illustrated notes

Levels and vault maps discovered:
D:1:      dpeg_arrival_more_subterranean_lakeside_camping, layout_basic,
          shapermc_ecumenical_altar_gd
D:2:      layout_rooms, minmay_3d_cube
D:3:      layout_loops_ring, mainiacjoe_overflow_big_doors, uniq_ijyb,
          uniq_robin
D:4:      layout_loops_ring, chequers_serial_rivers_small_b, dk_vineyard_3
D:5:      kennysheep_spiral_hall, layout_basic, enter_ossuary_3,
          uniq_prince_ribbit1
D:6:      gammafunk_wand_slinger, layout_gridville, gammafunk_ghost_split,
          serial_co_window_serial, co_window_paths_b, co_window_corner_a,
          co_window_corner_a, co_window_paths_b, co_window_paths_a,
          co_window_of_opportunity_b, co_window_corner_ca, co_window_2corner,
          co_window_4corner_b, co_window_sun, glass_columns_c, glass_columns_c,
          hangedman_decor_diamond_cutter, kennysheep_generic_room_3,
          uniq_menkaure
D:7:      layout_basic, chequers_temple_overflow_statue_of_worship,
          minmay_temple_entry_junction_2, serial_shops, shop_fountains,
          minivault_11, kennysheep_generic_room_11, uniq_pikel
D:8:      layout_gridville, nicolae_lava_and_water
D:9:      layout_loops_ring, erik_lair_dragon, uniq_grum
D:10:     layout_basic, kennysheep_cluttered_room
Temple:   eino_narrow_crystal_temple
Lair:1:   wad_woods_structure_01, layout_chaotic_city, st_stairs_10, uniq_erica

Skill      XL: |  1  2  3  4  5  6  7  8  9 10 11 |
---------------+----------------------------------+-----
Transmutations | 1 2 3 |  3.0
Unarmed Combat | 1 2 4 6 8 9 10 11 | 11.1
Dodging        | 2 3 4 |  4.9
Fighting       | 1 2 3 |  3.8
Stealth        | 2 3 |  3.2
Evocations     | 1 2 |  2.9
Invocations    | 1 2 3 |  3.4
Throwing       | 1 2 3 |  3.0
Poison Magic   | 3 |  3.9
Spellcasting   | 2 |  2.2
Shields        | 1 |  1.5

Action                   |  1- 3 |  4- 6 |  7- 9 | 10-12 || total
-------------------------+-------+-------+-------+-------++-------
Melee: Unarmed           |   133 |   120 |   343 |   170 ||   766
       Punch             |       |     1 |     9 |    10 ||    20
Throw: Dart              |       |       |    13 |     5 ||    18
       Javelin           |       |       |       |     1 ||     1
 Cast: Sting             |       |       |     1 |       ||     1
Invok: Divine Shield     |       |       |       |     7 ||     7
Evoke: Wand              |       |       |     3 |       ||     3
  Use: Scroll            |       |     9 |    12 |       ||    21
       Potion            |       |     1 |     2 |     1 ||     4
Armor: Robe              |    37 |    37 |    72 |    40 ||   186
Dodge: Dodged            |    41 |    56 |   156 |    79 ||   332
Block: Other             |       |       |       |    18 ||    18
